 Dungeon Crawl Stone Soup version 0.26.1-11-gd32895ea62 (webtiles) character file.

Game seed: 16214413097799442799

153 infcreate the Chiller (level 5, -4/38 HPs)
             Began as a Barachi Ice Elementalist on Apr 28, 2021.
             Was a Follower of Cheibriados.
             Killed by an exploding Grinder (18 damage)
             ... exploding inner flame
             ... on level 3 of the Dungeon.
             The game lasted 00:12:22 (2526 turns).

infcreate the Chiller (Barachi Ice Elementalist)    Turns: 2526, Time: 00:12:23

Health: -4/38      AC:  8    Str: 11    XL:     5   Next: 35%
Magic:  4/9        EV: 14    Int: 19    God:    Cheibriados [*.....]
Gold:   166        SH:  0    Dex: 14    Spells: 2/9 levels left

rFire    . . .     SeeInvis .   d - +0 spear
rCold    . . .     Faith    .   (no shield)
rNeg     . . .     Spirit   .   a - +0 robe
rPois    .         Reflect  .   (no helmet)
rElec    .         Harm     .   (no cloak)
rCorr    .         Rampage  .   (no gloves)
Will     .....                  (no boots)
Stlth    ++........             (no amulet)
HPRegen  0.12/turn              (no ring)
MPRegen  0.11/turn              (no ring)

@: icy armour, very slow
A: +LOS, swims, slowness 1, strong legs 1
a: Hop, Renounce Religion, Bend Time


You were on level 3 of the Dungeon.
You worshipped Cheibriados.
Cheibriados was aware of your devotion.
You visited 1 branch of the dungeon, and saw 3 of its levels.

You collected 166 gold pieces.


Innate Abilities, Weirdness & Mutations

You can be seen from farther away. (+LOS)
You can swim through water.
You cover ground slowly.
You can hop short distances.


   Skills:
 + Level 1.9 Fighting
 + Level 1.4 Staves
 * Level 3.6 Dodging
 - Level 1.7 Stealth
 + Level 2.7 Spellcasting
 * Level 5.8 Ice Magic
 + Level 0.6 Invocations


You had 2 spell levels left.
You knew the following spells:

 Your Spells              Type           Power        Failure   Level
f - Freeze                Ice            96%          1%          1
o - Ozocubu's Armour      Ice            24%          4%          3
r - Frozen Ramparts       Ice            48%          4%          3

Your spell library contained the following spells:

 Spells                   Type           Power        Failure   Level
 Hailstorm                Conj/Ice       13%          43%         4
 Summon Ice Beast         Ice/Summ       13%          43%         4

Inventory:

Hand Weapons
 d - a +0 spear (weapon)
 h - a +2 whip of venom
 m - a +2 quarterstaff of chaos
Armour
 a - a +0 robe (worn)
 f - a +2 leather armour of poison resistance
 l - a +0 cloak
Potions
 c - a potion of magic {unknown}
 e - 3 potions of might
 g - 2 potions of attraction {unknown}
 i - 2 potions of haste {@q3}
 j - a potion of curing {unknown}
 k - a potion of degeneration {unknown}

Dungeon Overview and Level Annotations

Branches:
Dungeon (3/15)

Altars:
Cheibriados
Xom

#..... #.$...
#.... #.... ...
... #)# # #°# #
#.###@#
##.#.#...#######
...............#
..........####.#
##.#.##...# #
#......#
...####.#.#
#>.......#
#####..#.#


There were no monsters in sight!


Message History

Grinder blinks!
Grinder says, "Mostly I couldn't keep them alive."
Grinder gestures at you.
You shrug off the repeated paralysis!
You can move again.
Your icy armour will break if you move.
Continue?
Okay, then.
As you read the scroll labelled ECRU PESUATERE, it crumbles to dust.
The creatures around you are filled with an inner flame!
It was a scroll of immolation.
Grinder barely misses you.
You barely miss Grinder.
Grinder is moderately wounded.
Grinder hits you.
* * * LOW HITPOINT WARNING * * *
You writhe in agony.
* * * LOW HITPOINT WARNING * * *
Unknown command.
You hit Grinder.
Flame seeps out of Grinder.
Grinder is moderately wounded.
Grinder is engulfed in blazing flames.
Flame seeps out of Grinder.
Grinder misses you.
Your icy armour will break if you move.
Continue?
Okay, then.
You closely miss Grinder.
Grinder is severely wounded.
Grinder is engulfed in blazing flames.
Cheibriados appreciates the change of pace.
Grinder explodes!
The fiery explosion engulfs you!!
You die...

Skill      XL: |  1  2  3  4 |
---------------+-------------+-----
Ice Magic      | 5 |  5.8
Fighting       | 1 |  1.9
Dodging        | 3 |  3.6
Staves         | 1 |  1.4
Stealth        | |  1.7
Spellcasting   | |  2.7
Invocations    | |  0.6

Action                   |  1- 3 |  4- 6 || total
-------------------------+-------+-------++-------
Melee: Unarmed           |    13 |       ||    13
       Spear             |    63 |    72 ||   135
 Cast: Freeze            |    29 |    16 ||    45
       Frozen Ramparts   |     1 |     4 ||     5
       Ozocubu's Armour  |       |     2 ||     2
  Use: Scroll            |     2 |     2 ||     4
 Stab: Sleeping          |     1 |     4 ||     5
Armor: Robe              |    17 |    12 ||    29
Dodge: Dodged            |    58 |    36 ||    94

Levels and vault maps discovered:
D:1:      wander_arrival_abandoned_jail, layout_rooms, minmay_hexomino_r4
D:2:      layout_rooms, kennysheep_slug_shrine, hex_intersection,
          uniq_crazy_yiuf_cottage, uniq_jessica
D:3:      layout_loops_ring, uniq_grinder

Notes
Turn   | Place    | Note
-------+----------+-------------------------------------------
     0 | D:1      | infcreate the Barachi Ice Elementalist began the quest for
                  | the Orb.
     0 | D:1      | Reached XP level 1. HP: 13/13 MP: 3/3
   129 | D:1      | Reached skill level 5 in Ice Magic
   129 | D:1      | Reached XP level 2. HP: 15/20 MP: 0/5
   239 | D:1      | Found a shimmering altar of Xom.
   581 | D:1      | Reached skill level 1 in Fighting
   592 | D:1      | Reached XP level 3. HP: 26/26 MP: 6/6
   867 | D:1      | Learned a level 3 spell: Frozen Ramparts
   988 | D:2      | Reached skill level 3 in Dodging
  1279 | D:1      | Learned a level 3 spell: Ozocubu's Armour
  1383 | D:2      | Reached XP level 4. HP: 28/32 MP: 4/7
  1455 | D:2      | Reached skill level 1 in Staves
  1567 | D:2      | Noticed Jessica
  1571 | D:2      | Killed Jessica
  1625 | D:2      | Found a snail-covered altar of Cheibriados.
  1628 | D:2      | Became a worshipper of Cheibriados the Contemplative
  1648 | D:2      | Found a runed translucent door.
  1649 | D:2      | Noticed Crazy Yiuf
  2165 | D:2      | Killed Crazy Yiuf
  2166 | D:2      | Reached XP level 5. HP: 17/38 MP: 0/9
  2364 | D:3      | Noticed Grinder
  2507 | D:3      | Reached * piety under Cheibriados
  2512 | D:3      | Paralysed by Grinder for 3 turns
  2518 | D:3      | Paralysed by Grinder for 5 turns
  2526 | D:3      | Killed Grinder
  2526 | D:3      | Killed by an exploding Grinder... exploding inner flame

Vanquished Creatures
  Grinder (D:3)
  Crazy Yiuf (D:2)
  Jessica (D:2)
  An adder (D:2)
  An ooze (D:1)
  A worm (D:2)
  3 dart slugs
  5 leopard geckos
  4 ball pythons
  9 bats
  2 giant cockroaches
  9 goblins
  8 hobgoblins
  3 jackals (D:3)
  4 kobolds
  4 quokkas
  4 frilled lizards
  8 rats
69 creatures vanquished.

Table legend: (Time is in decaauts)
 A = Elapsed time spent in this place.
 B = Non-inter-level travel time spent in this place.
 C = Inter-level travel time spent in this place.
 D = Time resting spent in this place.
 E = Time spent auto-exploring this place.
 F = Levels seen in this place.
 G = Mean time per level.
                   A        B        C        D        E       F      G
               +--------+--------+--------+--------+--------+-----+--------+
         Total |   2861 |   2778 |     83 |    798 |   1098 |   3 |  953.7 |
       Dungeon |   2861 |   2778 |     83 |    798 |   1098 |   3 |  953.7 |
               +--------+--------+--------+--------+--------+-----+--------+

Top non-repeatable levels by time:
     D:2: 1353 daAuts
     D:1: 1312 daAuts
     D:3: 196 daAuts

Table legend:
 A = Non-vault XP
 B = Vault XP
 C = Vault XP percentage of total XP
 D = Non-vault monster count
 E = Vault monster count
 F = Vault count percentage of total count
                 A         B        C        D         E       F
            +---------+---------+-------+---------+---------+-------
      Total |     129 |     380 |  74.7 |      62 |       7 |  10.1
            +---------+---------+-------+---------+---------+-------
        D:1 |      48 |       8 |  14.3 |      28 |       3 |   9.7
        D:2 |      64 |      82 |  56.2 |      25 |       3 |  10.7
        D:3 |      17 |     290 |  94.5 |       9 |       1 |  10.0
            +---------+---------+-------+---------+---------+-------
